 Dungeon Crawl Stone Soup version 0.28.0-53-g5a82cb258f (webtiles) character file.

Game seed: 2175634082980074061

1369 DocClef the Shield-Bearer (level 8, -1/60 (67) HPs)
             Began as a Gnoll Fighter on June 28, 2022.
             Slain by a hell rat (2 damage)
             ... on level 5 of the Dungeon.
             The game lasted 00:07:51 (7028 turns).

DocClef the Shield-Bearer (Gnoll Fighter)           Turns: 7028, Time: 00:07:52

HP:   -1/60 (67)    AC: 16    Str: 19    XL:     8   Next: 65%
MP:   13/13         EV: 10    Int:  8    God:
Gold: 291           SH:  5    Dex: 12    Spells: 13/13 levels left

rFire   + . .      SeeInvis .   t - +2 flail (protect)
rCold   + . .      Faith    .   c - +0 buckler
rNeg    . . .      Spirit   .   b - +0 scale mail
rPois   +          Reflect  .   l - +0 helmet
rElec   +          Harm     .   (no cloak)
rCorr   +          Rampage  .   (no gloves)
Will    .....                   (no boots)
Stlth   +.........              j - amulet of regeneration
HPRegen 1.00/turn               (no ring)
MPRegen 0.13/turn               (no ring)

@: resistant, under a protective aura, attractive, flying, heavily drained
A: fangs 1, strong nose, distributed training, talons 1, strong 1
a: no special abilities


You were on level 5 of the Dungeon.
You visited 1 branch of the dungeon, and saw 5 of its levels.
You also visited: Ossuary.

You collected 291 gold pieces.

Inventory:

Hand Weapons
 a - a +0 flail
 t - a +2 flail of protection (weapon)
Missiles
 y - 2 throwing nets (quivered)
Armour
 b - a +0 scale mail (worn)
 c - a +0 buckler (worn)
 l - a +0 helmet (worn)
Jewellery
 j - an amulet of regeneration (around neck)
 u - a ring of ice
Wands
 m - a wand of polymorph (6)
 n - a wand of digging (3)
Scrolls
 f - 5 scrolls of identify
 g - 2 scrolls of enchant weapon
 h - a scroll of fear {unknown}
 k - a scroll of magic mapping {unknown}
 o - 2 scrolls of teleportation
 s - 2 scrolls of noise {unknown}
 v - a scroll of blinking {unknown}
Potions
 d - a potion of might
 i - a potion of magic
 q - 2 potions of mutation
 r - a potion of lignification
 x - a potion of attraction


   Skills:
 + Level 7.4 Fighting
 + Level 3.4 Short Blades
 + Level 3.4 Long Blades
 + Level 3.4 Axes
 + Level 5.8 Maces & Flails
 + Level 3.4 Polearms
 + Level 3.4 Staves
 + Level 3.4 Slings
 + Level 3.4 Bows
 + Level 3.4 Crossbows
 + Level 3.4 Throwing
 + Level 7.4 Armour
 + Level 3.4 Dodging
 + Level 3.4 Stealth
 + Level 7.4 Shields
 + Level 3.4 Unarmed Combat
 + Level 3.4 Spellcasting
 + Level 2.8 Conjurations
 + Level 2.8 Hexes
 + Level 2.8 Summonings
 + Level 2.8 Necromancy
 + Level 2.8 Translocations
 + Level 2.8 Transmutations
 + Level 2.8 Fire Magic
 + Level 2.8 Ice Magic
 + Level 2.8 Air Magic
 + Level 2.8 Earth Magic
 + Level 2.8 Poison Magic
 + Level 3.8 Invocations
 + Level 3.4 Evocations


You had 13 spell levels left.
You didn't know any spells.
Your spell library contained the following spells:

 Spells                   Type           Power      Damage    Failure   Level
 Animate Skeleton         Necr           10%        N/A       32%         1
 Pain                     Necr           20%        1d5       32%         1
 Summon Small Mammal      Summ           20%        N/A       32%         1
 Call Canine Familiar     Summ           5%         N/A       67%         3
 Ignite Poison            Fire/Tmut/Pois 5%         N/A       67%         3
 Mephitic Cloud           Conj/Pois/Air  5%         N/A       67%         3
 Summon Guardian Golem    Hex/Summ       5%         N/A       67%         3
 Vampiric Draining        Necr           5%         2d6       67%         3
 Freezing Cloud           Conj/Ice/Air   2%         6-21      100%        5


Dungeon Overview and Level Annotations

Branches:
Dungeon (5/15)            Ossuary (visited)
 Temple: D:4-7

Altars:
Elyvilon
Qazlal
Uskayaw
Yredelemnul

Shops:
D:2 =


Innate Abilities, Weirdness & Mutations

You have very sharp teeth.
Your uncanny sense of smell can sniff out nearby items.
Your experience applies equally to all skills.
You have sharp toenails.
Your muscles are strong. (Str +2)


Message History

You hit the hell rat.
The hell rat is almost dead.
The hell rat bites you but does no damage.
A river rat comes into view.
The hell rat twitches its whiskers.
It was a potion of flight.
You feel very buoyant.
You fly up into the air.
The hell rat bites you!
* * * LOW HITPOINT WARNING * * *
You feel drained.
* * * LOW HITPOINT WARNING * * *
It was a potion of mutation.
You feel extremely strange.
You feel stronger.
Your toenails lengthen and sharpen.
You block the hell rat's attack.
The hell rat bites you but does no damage.
It was a potion of resistance.
You feel protected. The hell rat bites you.
* * * LOW HITPOINT WARNING * * *
It was a potion of attraction.
You feel attractive to monsters. The hell rat bites you!
* * * LOW HITPOINT WARNING * * *
You feel drained.
You feel better. The hell rat bites you.
* * * LOW HITPOINT WARNING * * *
You feel drained.
The hell rat twitches its whiskers.
You feel better. The hell rat barely misses you.
You thump the hell rat!
Your weapon exudes an aura of protection.
You kill the hell rat!
The hell rat bites you!
* * * LOW HITPOINT WARNING * * *
You barely miss the hell rat. You claw the hell rat.
The hell rat is moderately wounded.
The hell rat bites you!
* * * LOW HITPOINT WARNING * * *
You feel drained.
You die...

#.## .# . ##†.#.####.# ##†# .r
.###...## #.# #.## .#..##..##
#.# #.# r#r##..# #.# #.. #.##
#rr##..# #.# #.# ##.# #rr##..#
#.# #.# #†## #rr##..# #.# #.#
##.# ##r#...######.## #.#
#.##∆ ##@###.........#
###.#####.## #.###########..#
....)...##.####.#.....# #..#
........###.##.######.# #).#
###.###.#.#.#.##.# #.# #..#
..........##.#.#.# #.# #..#
#######.########.####.#####..#
#.###.#.##.............#
#.#.)###......#.########


You could see 4 hell rats and 5 river rats.

Vanquished Creatures
  A water moccasin (D:5)
  A sky beast (D:3)
  An ogre (D:5)
  2 elf zombies (Ossuary)
  A gnoll sergeant (D:5)
  4 scorpions
  A centaur zombie (Ossuary)
  2 hounds
  An orc priest (D:2)
  An orc wizard (D:2)
  5 hell rats (D:5)
  3 hound zombies
  3 mummies (Ossuary)
  A howler monkey zombie (D:5)
  6 gnolls
  4 adders (D:3)
  8 river rats (D:5)
  A shadow imp (D:5)
  2 adder skeletons
  5 adder zombies
  5 worms
  5 orcs
  10 endoplasms
  3 giant cockroaches
  2 gnoll zombies (Ossuary)
  5 goblins
  5 hobgoblins
  4 jackals (D:2)
  4 quokkas
  5 ball pythons
  A bat (D:1)
  3 frilled lizards
  5 goblin zombies (Ossuary)
  3 hobgoblin zombies (Ossuary)
  2 jackal zombies (Ossuary)
  4 kobolds
  7 kobold zombies (Ossuary)
  2 orc zombies (Ossuary)
  3 quokka zombies (Ossuary)
  6 rats
  4 rat zombies (Ossuary)
141 creatures vanquished.

Vanquished Creatures (others)
  A bat (D:3)
  A rat (D:3)
2 creatures vanquished.

Grand Total: 143 creatures vanquished

Notes
Turn   | Place    | Note
-------+----------+-------------------------------------------
     0 | D:1      | DocClef the Gnoll Fighter began the quest for the Orb.
     0 | D:1      | Reached XP level 1. HP: 23/23 MP: 1/1
   596 | D:1      | Reached XP level 2. HP: 29/29 MP: 2/2
   827 | D:1      | Found a faded altar of an unknown god.
  1437 | D:2      | Reached XP level 3. HP: 32/35 MP: 3/3
  1584 | D:2      | Found Cis Woi's Jewellery Emporium.
  1924 | D:2      | Reached skill level 1 in Short Blades
  1924 | D:2      | Reached skill level 1 in Long Blades
  1924 | D:2      | Reached skill level 1 in Axes
  1924 | D:2      | Reached skill level 1 in Polearms
  1924 | D:2      | Reached skill level 1 in Staves
  1924 | D:2      | Reached skill level 1 in Slings
  1924 | D:2      | Reached skill level 1 in Bows
  1924 | D:2      | Reached skill level 1 in Crossbows
  1924 | D:2      | Reached skill level 1 in Throwing
  1924 | D:2      | Reached skill level 1 in Dodging
  1924 | D:2      | Reached skill level 1 in Stealth
  1924 | D:2      | Reached skill level 1 in Unarmed Combat
  1924 | D:2      | Reached skill level 1 in Spellcasting
  1924 | D:2      | Reached skill level 1 in Invocations
  1924 | D:2      | Reached skill level 1 in Evocations
  1924 | D:2      | Reached XP level 4. HP: 19/41 MP: 5/5
  2213 | D:2      | Reached skill level 1 in Conjurations
  2213 | D:2      | Reached skill level 1 in Hexes
  2213 | D:2      | Reached skill level 1 in Summonings
  2213 | D:2      | Reached skill level 1 in Necromancy
  2213 | D:2      | Reached skill level 1 in Translocations
  2213 | D:2      | Reached skill level 1 in Transmutations
  2213 | D:2      | Reached skill level 1 in Fire Magic
  2213 | D:2      | Reached skill level 1 in Ice Magic
  2213 | D:2      | Reached skill level 1 in Air Magic
  2213 | D:2      | Reached skill level 1 in Earth Magic
  2213 | D:2      | Reached skill level 1 in Poison Magic
  2627 | D:3      | Reached XP level 5. HP: 43/47 MP: 6/6
  3196 | D:3      | Found a hide-covered altar of Uskayaw.
  3196 | D:3      | Found a stormy altar of Qazlal.
  3209 | D:3      | Noticed a sky beast
  3232 | D:3      | Killed a sky beast
  3233 | D:3      | Reached XP level 6. HP: 30/53 MP: 8/8
  3588 | D:4      | Reached skill level 5 in Maces & Flails
  3693 | D:4      | Found a sand-covered staircase.
  3698 | Ossuary  | Entered an ossuary
  3838 | Ossuary  | Reached XP level 7. HP: 29/59 MP: 10/10
  4696 | D:4      | Noticed Edmund
  4849 | D:4      | Noticed Edmund
  4849 | D:4      | Edmund changed into Edmund the scorpion
  4863 | D:4      | Killed Edmund the scorpion
  5838 | D:4      | Found a basalt altar of Yredelemnul.
  5866 | D:5      | Entered Level 5 of the Dungeon
  5921 | D:5      | Reached XP level 8. HP: 62/67 MP: 12/12
  6267 | D:5      | Found a white marble altar of Elyvilon.
  7022 | D:5      | Gained mutation: Your muscles are strong. (Str +2) [potion
                  | of mutation]
  7022 | D:5      | Gained mutation: You have sharp toenails. [potion of
                  | mutation]
  7024 | D:5      | HP: 3/64 [hell rat (7)]
  7028 | D:5      | HP: 1/62 [hell rat (9)]
  7028 | D:5      | Slain by a hell rat

Illustrated notes

Levels and vault maps discovered:
D:1:      denvon_arrival_waterhouse, layout_basic,
          dilly_ecumenical_altar_fadedgnrine, kennysheep_boxes
D:2:      layout_rooms, serial_shops, nicolae_shop_behind_doors,
          hangedman_decor_clover_reticule, item_on_display_a
D:3:      minmay_chambers_of_twos, layout_basic,
          gammafunk_temple_overflow_elements, lemuel_old_faithful
D:4:      layout_layer_cave, lemuel_zombie_altar_yredelemnul,
          nicolae_ossuary_entry_false_entrances, uniq_edmund
D:5:      wander_guarded_unrand_ratskin, layout_loops_ring,
          mainiacjoe_overflow_cross_hatched

Skill      XL: |  1  2  3  4  5  6  7  8 |
---------------+-------------------------+-----
Short Blades   | 1 2 3 |  3.4
Long Blades    | 1 2 3 |  3.4
Axes           | 1 2 3 |  3.4
Polearms       | 1 2 3 |  3.4
Staves         | 1 2 3 |  3.4
Slings         | 1 2 3 |  3.4
Bows           | 1 2 3 |  3.4
Crossbows      | 1 2 3 |  3.4
Throwing       | 1 2 3 |  3.4
Dodging        | 1 2 3 |  3.4
Stealth        | 1 2 3 |  3.4
Unarmed Combat | 1 2 3 |  3.4
Spellcasting   | 1 2 3 |  3.4
Invocations    | 1 2 3 |  3.8
Evocations     | 1 2 3 |  3.4
Conjurations   | 1 2 |  2.8
Hexes          | 1 2 |  2.8
Summonings     | 1 2 |  2.8
Necromancy     | 1 2 |  2.8
Translocations | 1 2 |  2.8
Transmutations | 1 2 |  2.8
Fire Magic     | 1 2 |  2.8
Ice Magic      | 1 2 |  2.8
Air Magic      | 1 2 |  2.8
Earth Magic    | 1 2 |  2.8
Poison Magic   | 1 2 |  2.8
Maces & Flails | 5 |  5.8
Fighting       | 7 |  7.4
Armour         | 7 |  7.4
Shields        | 7 |  7.4

Action                   |  1- 3 |  4- 6 |  7- 9 || total
-------------------------+-------+-------+-------++-------
Melee: Flail             |    97 |   253 |   274 ||   624
       Bite              |     7 |    30 |    39 ||    76
       Kick              |       |       |     1 ||     1
Evoke: Wand              |       |     3 |     1 ||     4
  Use: Potion            |       |     3 |     6 ||     9
       Scroll            |       |     3 |       ||     3
 Stab: Distracted        |       |       |     1 ||     1
Armor: Scale mail        |    39 |   108 |   126 ||   273
       Skin              |       |    14 |       ||    14
Dodge: Dodged            |    39 |    97 |   134 ||   270
Block: Buckler           |    20 |    55 |    64 ||   139
